 Dungeon Crawl Stone Soup version 0.31-a0-986-g5e6e4ef867 (webtiles) character file.

Game seed: 12299355910340231735

43 strifetoe the Digger (level 4, -1/33 HPs)
             Began as a Meteoran Earth Elementalist on Nov 15, 2023.
             Slain by a ball python (3 damage)
             ... on level 3 of the Dungeon.
             The game lasted 00:01:31 (282 turns).

strifetoe the Digger (Meteoran Earth Elementalist)   Turns: 282, Time: 00:01:32

Health: -1/33      AC:  2    Str:  9    XL:     4   Next: 6%
Magic:  2/9        EV:  9    Int: 19    God:
Gold:   20         SH:  0    Dex: 14    Spells: 7/8 levels left

rFire   . . .        j - +0 short sword
rCold   . . .        (no shield)
rNeg    . . .        a - +0 robe
rPois   .            (no helmet)
rElec   .            (no cloak)
rCorr   .            (no gloves)
SInv    .            (no boots)
Will    .....        (no amulet)
Stlth   +            (no ring)
HPRegen 0.25/turn    (no ring)
MPRegen 0.11/turn

%: no passive effects
@: brilliant, hasted, glowing, constricted, very quick
A: sense surroundings 1, otherworldly, glowing, explore regen
a: no special abilities


You were on level 3 of the Dungeon.
You visited 1 branch of the dungeon, and saw 3 of its levels.

You collected 20 gold pieces.

Inventory:

Hand Weapons
 j - a +0 short sword (weapon)
Armour
 a - a +0 robe (worn)
 h - a +0 leather armour
Scrolls
 d - a scroll of revelation {unknown}
 f - a scroll of noise {unknown}
 g - a scroll of blinking {unknown}
 i - a scroll of identify {unknown}
Potions
 b - a potion of magic


   Skills:
 - Level 2.1 Dodging
 - Level 1.4 Stealth
 - Level 2.6 Spellcasting
 - Level 1.2 Transmutations
 + Level 5.4 Earth Magic


You had 7 spell levels left.
You knew the following spells:

 Your Spells              Type           Power      Damage    Failure   Level
a - Sandblast             Erth           68%        2d15      1%          1

Your spell library contained the following spells:

 Spells                   Type           Power      Damage    Failure   Level
 Passwall                 Tmut/Erth      18%        N/A       6%          2
 Stone Arrow              Conj/Erth      38%        3d9       16%         3
 Petrify                  Tmut/Erth      22%        N/A       36%         4
 Brom's Barrelling Bould  Conj/Erth      19%        2d4       45%         4


Dungeon Overview and Level Annotations

Branches:
Dungeon (3/15) Zot: 1500

Altars:


Innate Abilities, Weirdness & Mutations

You passively map a small area around you.
You are easily found by Zot.
You glow in the dark.
You regain HP and MP as you explore.


Message History

The orc priest mumbles some strange prayers to Beogh against you.
Pain shoots through your body!
Casting: Sandblast (safe; 2% risk of failure)
Confirm with . or Enter, or press ? or * to list all spells.
Aiming: Sandblast (safe; 2% risk of failure)
Press: ? - help, Shift-Dir - straight line, f/p - orc priest
Aim: an orc priest, wielding a +0 mace and wearing a +0 ring mail (lightly wounded, 85% to hit)
The blast of sand hits the orc priest.
The orc priest is heavily wounded.
The ball python bites you. The ball python grabs you.
The ball python constricts you.
The orc priest invokes the aid of Beogh against you.
Pain shoots through your body!
* * * LOW HITPOINT WARNING * * *
The ball python bites you but does no damage.
The ball python constricts you.
Unknown command.
Casting: Sandblast (safe; 2% risk of failure)
Confirm with . or Enter, or press ? or * to list all spells.
Aiming: Sandblast (safe; 2% risk of failure)
Press: ? - help, Shift-Dir - straight line, f/p - orc priest
Aim: an orc priest, wielding a +0 mace and wearing a +0 ring mail (heavily wounded, 85% to hit)
The blast of sand hits the orc priest!
You kill the orc priest!
The ball python bites you.
* * * LOW HITPOINT WARNING * * *
The ball python constricts you.
* * * LOW HITPOINT WARNING * * *
Your Earth Magic skill increases to level 5!
You have reached level 4!
It was a potion of brilliance.
You feel clever all of a sudden.
The ball python bites you but does no damage.
The ball python constricts you. The quokka closely misses you.
The ball python bites you but does no damage.
The ball python constricts you.
* * * LOW HITPOINT WARNING * * *
It was a potion of haste.
You feel yourself speed up. The ball python bites you.
You die...

, * ,
,.........
.?....... ,
......... *
* #........
, ,
#..)..... *
* #........
* ,* *
#rS)..... ,
**#@)......
,,
#........ *
#........ ,
, #........
, ,,
##!......
*, **
#.....# *,,
###.## , ,
* .#


You could see a quokka and a ball python.

Vanquished Creatures
  An orc priest (D:3)
  A dart slug (D:2)
  2 orcs (D:3)
  A ball python (D:1)
  2 endoplasms (D:1)
  A quokka (D:2)
  A bat (D:2)
  3 frilled lizards
  2 kobolds (D:2)
14 creatures vanquished.

Notes
Turn   | Place    | Note
-------+----------+-------------------------------------------
     0 | D:1      | strifetoe the Meteoran Earth Elementalist began the quest
                  | for the Orb.
     0 | D:1      | Reached XP level 1. HP: 14/14 MP: 5/5
    73 | D:1      | Reached skill level 4 in Earth Magic
    73 | D:1      | Reached XP level 2. HP: 17/20 MP: 3/6
   277 | D:3      | Reached XP level 3. HP: 26/26 MP: 5/8
   280 | D:3      | HP: 1/26 [constriction (1)]
   281 | D:3      | Reached skill level 5 in Earth Magic
   281 | D:3      | Reached XP level 4. HP: 2/33 MP: 1/9
   282 | D:3      | Slain by a ball python

Illustrated notes

Levels and vault maps discovered:
D:1:      dpeg_arrival_arbitrary_b, layout_loops_ring, minivault_5,
          dk_noncrumbling_2, serial_bayou_lake_a
D:2:      layout_loops_cross, hellmonk_ecumenical_altar_blasted, uniq_sigmund
D:3:      layout_rooms, mainiacjoe_overflow_chevrons, serial_corexii_hall,
          chequers_hall_statues_wall_a, chequers_hall_statues_wall_a

Skill      XL: |  1  2  3 |
---------------+----------+-----
Earth Magic    | 4 5 |  5.4
Dodging        | |  2.1
Stealth        | |  1.4
Spellcasting   | |  2.6
Transmutations | |  1.2

Action                     |  1- 3 |  4- 6 || total
---------------------------+-------+-------++-------
  Melee: Unarmed           |     3 |       ||     3
   Cast: Sandblast         |    20 |       ||    20
    Use: Potion            |       |     2 ||     2
 Armour: Robe              |    10 |     3 ||    13
  Dodge: Dodged            |     3 |     1 ||     4

Table legend: (Time is in decaauts)
 A = Elapsed time spent in this place.
 B = Non-inter-level travel time spent in this place.
 C = Inter-level travel time spent in this place.
 D = Time resting spent in this place.
 E = Time spent auto-exploring this place.
 F = Levels seen in this place.
 G = Mean time per level.
                   A        B        C        D        E       F      G
               +--------+--------+--------+--------+--------+-----+--------+
         Total |    298 |    298 |      0 |      0 |      0 |   3 |   99.3 |
       Dungeon |    298 |    298 |      0 |      0 |      0 |   3 |   99.3 |
               +--------+--------+--------+--------+--------+-----+--------+

Top non-repeatable levels by time:
     D:2: 197 daAuts
     D:1: 90 daAuts
     D:3: 10 daAuts
